2758 views
Uploaded 2020-12-31 11:57:53
Game version 1.32.9
73:05 long 1on1 ladder game on (2)SwampedTemple
Saved by xzz
2758 views
Uploaded 2020-12-31 11:57:53
Game version 1.32.9
73:05 long 1on1 ladder game on (2)SwampedTemple

27 units @ 3.1k
/ 0.5k
16 buildings @ 3k
/ 1.3k


| Staff of Preservation | 2 | 300 |
| Orb of Venom | 1 | 325 |
| Scroll of Healing | 2 | 500 |
| Circlet of Nobility | 1 | 175 |
| total: | 6 | 1300g |
| Wisp | 16 | 960 | / | 0 |
| Archer | 5 | 650 | / | 50 |
| Dryad | 3 | 435 | / | 180 |
| Mountain Giant | 3 | 1050 | / | 300 |
| total: | 27 | 3095g | / | 530w |
| Ancient Protector | 1 | 135 | / | 80 |
| Altar of Elders | 1 | 180 | / | 50 |
| Moon Well | 7 | 1260 | / | 280 |
| Ancient of War | 1 | 150 | / | 60 |
| Ancient of Wonders | 1 | 90 | / | 30 |
| Hunter's Hall | 1 | 210 | / | 100 |
| Tree of Life | 2 | 680 | / | 370 |
| Ancient of Lore | 2 | 310 | / | 290 |
| Tree of Ages | 1 | 320 | / | 180 |
| Tree of Eternity | 1 | 330 | / | 200 |
| total: | 16 | 3015g | / | 1260w |
| 0:04 | Wisp |
| 0:08 | Altar of Elders |
| 0:15 | Wisp |
| 0:19 | Moon Well |
| 0:32 | Ancient of War |
| 0:33 | Wisp |
| 0:45 | Wisp |
| 0:55 | Wisp |
| 1:17 | Wisp |
| 1:25 | Wisp |
| 1:35 | Moon Well |
| 1:36 | Archer |
| 1:40 | Wisp |
| 1:46 | Archer |
| 2:04 | Ancient of Wonders |
| 2:11 | Force of Nature |
| 2:34 | Moon Well |
| 2:35 | Wisp |
| 2:35 | Wisp |
| 2:54 | Moon Well |
| 3:03 | Archer |
| 3:35 | Tree of Ages |
| 3:46 | Entangling Roots |
| 4:13 | Hunter's Hall |
| 4:14 | Archer |
| 5:17 | Ultravision |
| 5:18 | Strength of the Wild |
| 5:18 | Reinforced Hides |
| 5:58 | Circlet of Nobility |
| 6:05 | Wisp |
| 6:05 | Wisp |
| 6:08 | Ancient of Lore |
| 6:15 | Entangling Roots |
| 6:20 | Wisp |
| 6:20 | Wisp |
| 6:24 | Moon Well |
| 6:26 | Ancient of Lore |
| 6:29 | Archer |
| 6:31 | Improved Bows |
| 6:48 | Staff of Preservation |
| 6:59 | Trueshot Aura |
| 7:24 | Moon Well |
| 7:40 | Dryad |
| 7:43 | Abolish Magic |
| 7:44 | Druid of the Claw Adept Training |
| 8:21 | Searing Arrows |
| 8:25 | Tree of Eternity |
| 8:32 | Moon Well |
| 8:44 | Dryad |
| 9:25 | Mountain Giant |
| 9:37 | Improved Strength of the Wild |
| 10:18 | Force of Nature |
| 10:20 | Scroll of Healing |
| 10:31 | Mountain Giant |
| 10:48 | Hardened Skin |
| 10:50 | Staff of Preservation |
| 11:00 | Well Spring |
| 11:10 | Resistant Skin |
| 12:47 | Searing Arrows |
| 14:12 | Dryad |
| 14:52 | Mountain Giant |
| 15:41 | Trueshot Aura |
| 16:13 | Druid of the Claw Master Training |
| 16:20 | Orb of Venom |
| 16:32 | Tree of Life |
| 16:35 | Ancient Protector |
| 16:39 | Nature's Blessing |
| 17:21 | Wisp |
| 17:21 | Wisp |
| 17:46 | Scroll of Healing |
| 19:01 | Tree of Life |
| 19:39 | Force of Nature |
| Right click | 797 |
| Select group | 493 |
| Select | 294 |
| Misc. action | 80 |
| Build/train/purchase | 76 |
| Assign group | 45 |
| Use ability | 42 |
| Chat | 40 |
| Item give/drop | 7 |
| Remove unit | 1 |
| Esc | 1 |
69 units @ 9.2k
/ 1.4k
112 buildings @ 6.5k
/ 3.7k

x2)
| Scroll of Regeneration | 7 | 700 |
| Lesser Clarity Potion | 7 | 490 |
| Potion of Mana | 6 | 1200 |
| Potion of Healing | 3 | 450 |
| Mechanical Critter | 3 | 150 |
| Ivory Tower | 5 | 200 |
| Scroll of Town Portal | 2 | 700 |
| Staff of Teleportation | 1 | 150 |
| Potion of Invisibility | 1 | 100 |
| Tome of Retraining | 2 | 600 |
| total: | 37 | 4740g |
| Peasant | 29 | 2175 | / | 0 |
| Footman | 11 | 1485 | / | 0 |
| Flying Machine | 7 | 700 | / | 210 |
| Mortar Team | 6 | 1080 | / | 420 |
| Sorceress | 2 | 310 | / | 40 |
| Gryphon Rider | 4 | 1120 | / | 280 |
| Dragonhawk Rider | 4 | 800 | / | 120 |
| Goblin Zeppelin | 3 | 720 | / | 180 |
| Goblin Shredder | 1 | 375 | / | 100 |
| Forest Troll Shadow Priest | 2 | 390 | / | 20 |
| total: | 69 | 9155g | / | 1370w |
| Scout Tower | 82 | 2460 | / | 1640 |
| Arcane Tower | 10 | 700 | / | 500 |
| Guard Tower | 21 | 1470 | / | 1050 |
| Altar of Kings | 1 | 180 | / | 50 |
| Farm | 11 | 880 | / | 220 |
| Barracks | 1 | 160 | / | 60 |
| Lumber Mill | 1 | 120 | / | 0 |
| Arcane Vault | 5 | 650 | / | 150 |
| Town Hall | 2 | 770 | / | 410 |
| Blacksmith | 1 | 140 | / | 60 |
| Cannon Tower | 15 | 1800 | / | 1500 |
| Workshop | 5 | 700 | / | 700 |
| Arcane Sanctum | 1 | 150 | / | 140 |
| Gryphon Aviary | 2 | 280 | / | 300 |
| Keep | 1 | 320 | / | 210 |
| Castle | 1 | 360 | / | 210 |
| total: | 112 | 6490g | / | 3730w |
| 0:06 | Peasant |
| 0:06 | Peasant |
| 0:11 | Altar of Kings |
| 0:15 | Farm |
| 0:24 | Peasant |
| 0:35 | Scout Tower |
| 0:37 | Peasant |
| 1:02 | Barracks |
| 1:07 | Peasant |
| 1:25 | Arcane Tower |
| 1:26 | Peasant |
| 1:44 | Peasant |
| 1:50 | Farm |
| 1:56 | Scout Tower |
| 1:58 | Peasant |
| 2:07 | Lumber Mill |
| 2:09 | Peasant |
| 2:16 | Flame Strike |
| 2:23 | Arcane Vault |
| 2:26 | Footman |
| 2:59 | Arcane Tower |
| 3:00 | Footman |
| 3:02 | Footman |
| 3:07 | Farm |
| 3:09 | Scout Tower |
| 3:26 | Peasant |
| 3:30 | Farm |
| 4:07 | Defend |
| 4:09 | Guard Tower |
| 4:20 | Scout Tower |
| 4:24 | Scout Tower |
| 4:27 | Peasant |
| 4:27 | Peasant |
| 4:54 | Footman |
| 4:57 | Guard Tower |
| 5:00 | Peasant |
| 5:00 | Peasant |
| 5:36 | Siphon Mana |
| 5:45 | Scout Tower |
| 5:47 | Scout Tower |
| 5:48 | Scout Tower |
| 5:49 | Scout Tower |
| 5:49 | Scout Tower |
| 5:54 | Footman |
| 6:01 | Town Hall |
| 6:06 | Scroll of Regeneration |
| 6:07 | Lesser Clarity Potion |
| 6:17 | Guard Tower |
| 6:19 | Guard Tower |
| 6:21 | Arcane Tower |
| 6:31 | Guard Tower |
| 6:37 | Scout Tower |
| 6:54 | Arcane Tower |
| 6:58 | Scout Tower |
| 6:59 | Scout Tower |
| 7:08 | Guard Tower |
| 7:52 | Forest Troll Shadow Priest |
| 7:58 | Keep |
| 8:00 | Guard Tower |
| 8:01 | Footman |
| 8:05 | Scout Tower |
| 8:07 | Scout Tower |
| 8:18 | Blacksmith |
| 8:21 | Peasant |
| 8:21 | Peasant |
| 8:22 | Peasant |
| 8:22 | Peasant |
| 8:34 | Arcane Tower |
| 8:36 | Scroll of Regeneration |
| 8:41 | Footman |
| 9:01 | Footman |
| 9:03 | Guard Tower |
| 9:40 | Goblin Zeppelin |
| 9:41 | Goblin Shredder |
| 9:50 | Flame Strike |
| 10:09 | Arcane Tower |
| 10:21 | Improved Masonry |
| 10:24 | Advanced Masonry |
| 10:28 | Workshop |
| 10:36 | Scroll of Regeneration |
| 10:40 | Lesser Clarity Potion |
| 10:47 | Potion of Mana |
| 10:47 | Potion of Healing |
| 11:04 | Workshop |
| 11:13 | Iron Plating |
| 11:27 | Imbued Masonry |
| 11:34 | Workshop |
| 11:36 | Scout Tower |
| 11:37 | Scout Tower |
| 11:38 | Scout Tower |
| 11:43 | Flying Machine |
| 11:52 | Mortar Team |
| 11:54 | Flare |
| 11:59 | Black Gunpowder |
| 12:24 | Mortar Team |
| 12:26 | Footman |
| 13:17 | Mortar Team |
| 13:18 | Footman |
| 13:18 | Footman |
| 13:21 | Potion of Mana |
| 13:22 | Potion of Healing |
| 13:32 | Potion of Healing |
| 13:45 | Scroll of Town Portal |
| 13:49 | Potion of Mana |
| 14:00 | Siphon Mana |
| 14:04 | Cannon Tower |
| 14:08 | Mortar Team |
| 14:14 | Mechanical Critter |
| 14:22 | Scout Tower |
| 14:23 | Scout Tower |
| 14:24 | Scout Tower |
| 14:24 | Scout Tower |
| 14:25 | Scout Tower |
| 14:26 | Scout Tower |
| 14:27 | Scout Tower |
| 14:36 | Scout Tower |
| 14:37 | Scout Tower |
| 14:37 | Scout Tower |
| 14:40 | Workshop |
| 14:41 | Workshop |
| 14:43 | Arcane Sanctum |
| 14:47 | Peasant |
| 14:47 | Peasant |
| 14:51 | Scroll of Regeneration |
| 14:55 | Cannon Tower |
| 14:59 | Lesser Clarity Potion |
| 15:10 | Steel Plating |
| 15:12 | Refined Gunpowder |
| 15:16 | Cannon Tower |
| 15:23 | Staff of Teleportation |
| 15:39 | Guard Tower |
| 15:42 | Potion of Invisibility |
| 16:09 | Scout Tower |
| 16:10 | Scout Tower |
| 16:10 | Scout Tower |
| 17:05 | Scout Tower |
| 17:08 | Scout Tower |
| 17:08 | Scout Tower |
| 17:15 | Scout Tower |
| 17:15 | Scout Tower |
| 17:16 | Scout Tower |
| 17:16 | Scout Tower |
| 17:17 | Scout Tower |
| 17:17 | Scout Tower |
| 17:18 | Scout Tower |
| 17:22 | Cannon Tower |
| 17:26 | Guard Tower |
| 17:29 | Flak Cannons |
| 17:33 | Mortar Team |
| 17:38 | Arcane Tower |
| 17:40 | Lesser Clarity Potion |
| 17:51 | Cannon Tower |
| 17:52 | Cannon Tower |
| 17:56 | Cannon Tower |
| 17:57 | Guard Tower |
| 18:54 | Guard Tower |
| 19:13 | Flame Strike |
| 19:44 | Summon Phoenix |
| 20:05 | Peasant |
| 20:05 | Peasant |
| 20:05 | Peasant |
| 20:06 | Peasant |
| 20:06 | Peasant |
| 20:07 | Peasant |
| 20:07 | Peasant |
| 20:19 | Mortar Team |
| 20:22 | Sorceress Adept Training |
| 20:23 | Sorceress |
| 20:24 | Sorceress |
| 20:26 | Peasant |
| 20:27 | Peasant |
| 20:52 | Scout Tower |
| 20:52 | Scout Tower |
| 20:52 | Scout Tower |
| 20:53 | Scout Tower |
| 20:57 | Scout Tower |
| 20:58 | Scout Tower |
| 20:58 | Scout Tower |
| 20:59 | Scout Tower |
| 21:00 | Scout Tower |
| 21:10 | Arcane Vault |
| 21:13 | Scout Tower |
| 21:13 | Scout Tower |
| 21:14 | Scout Tower |
| 21:36 | Scroll of Regeneration |
| 21:36 | Lesser Clarity Potion |
| 21:47 | Farm |
| 21:49 | Farm |
| 22:04 | Cannon Tower |
| 22:08 | Guard Tower |
| 22:28 | Guard Tower |
| 22:30 | Cannon Tower |
| 22:41 | Scroll of Regeneration |
| 22:42 | Scroll of Town Portal |
| 23:07 | Magic Sentry |
| 23:10 | Castle |
| 23:35 | Cannon Tower |
| 23:36 | Arcane Tower |
| 23:38 | Guard Tower |
| 23:46 | Guard Tower |
| 24:47 | Scout Tower |
| 24:48 | Scout Tower |
| 24:48 | Scout Tower |
| 24:49 | Scout Tower |
| 24:49 | Scout Tower |
| 24:49 | Scout Tower |
| 24:50 | Scout Tower |
| 24:50 | Scout Tower |
| 24:51 | Scout Tower |
| 24:51 | Scout Tower |
| 24:52 | Scout Tower |
| 24:53 | Scout Tower |
| 24:54 | Scout Tower |
| 24:56 | Scout Tower |
| 24:57 | Scout Tower |
| 24:59 | Scout Tower |
| 24:59 | Scout Tower |
| 24:59 | Scout Tower |
| 25:00 | Scout Tower |
| 25:00 | Scout Tower |
| 25:01 | Scout Tower |
| 25:02 | Scout Tower |
| 25:03 | Scout Tower |
| 25:04 | Scout Tower |
| 25:05 | Scout Tower |
| 25:05 | Scout Tower |
| 25:06 | Scout Tower |
| 25:07 | Scout Tower |
| 25:44 | Animal War Training |
| 25:48 | Fragmentation Shards |
| 27:17 | Town Hall |
| 27:24 | Arcane Vault |
| 27:25 | Arcane Vault |
| 27:36 | Arcane Vault |
| 27:44 | Arcane Tower |
| 27:52 | Guard Tower |
| 29:26 | Arcane Tower |
| 29:28 | Cannon Tower |
| 32:29 | Cannon Tower |
| 32:47 | Cannon Tower |
| 33:24 | Cannon Tower |
| 33:31 | Studded Leather Armor |
| 33:54 | Ivory Tower |
| 33:55 | Ivory Tower |
| 34:07 | Ivory Tower |
| 34:07 | Ivory Tower |
| 36:03 | Sorceress Master Training |
| 36:06 | Mithril Plating |
| 36:10 | Reinforced Leather Armor |
| 36:14 | Lesser Clarity Potion |
| 36:16 | Potion of Mana |
| 36:18 | Potion of Mana |
| 37:07 | Guard Tower |
| 38:17 | Imbued Gunpowder |
| 38:54 | Flying Machine Bombs |
| 40:41 | Guard Tower |
| 41:26 | Guard Tower |
| 42:22 | Lesser Clarity Potion |
| 42:25 | Potion of Mana |
| 43:28 | Barrage |
| 43:42 | Scroll of Regeneration |
| 44:13 | Farm |
| 44:13 | Farm |
| 44:14 | Farm |
| 44:16 | Farm |
| 44:20 | Forest Troll Shadow Priest |
| 44:40 | Goblin Zeppelin |
| 45:11 | Ivory Tower |
| 45:34 | Dragonhide Armor |
| 46:18 | Goblin Zeppelin |
| 47:16 | Gryphon Aviary |
| 47:20 | Gryphon Aviary |
| 47:27 | Farm |
| 52:00 | Storm Hammers |
| 52:01 | Cloud |
| 52:42 | Flying Machine |
| 52:44 | Flying Machine |
| 52:46 | Flying Machine |
| 52:48 | Gryphon Rider |
| 52:49 | Dragonhawk Rider |
| 52:50 | Gryphon Rider |
| 52:50 | Dragonhawk Rider |
| 52:51 | Gryphon Rider |
| 52:51 | Dragonhawk Rider |
| 52:52 | Gryphon Rider |
| 54:03 | Tome of Retraining |
| 54:03 | Retrain Hero |
| 54:05 | Banish |
| 54:05 | Banish |
| 54:06 | Summon Phoenix |
| 54:08 | Flame Strike |
| 54:08 | Siphon Mana |
| 161:32 | Tome of Retraining |
| 161:32 | Retrain Hero |
| 161:39 | Summon Phoenix |
| 161:42 | Flame Strike |
| 161:42 | Banish |
| 161:43 | Flame Strike |
| 162:13 | Flame Strike |
| 162:29 | Siphon Mana |
| 163:03 | Flying Machine |
| 163:59 | Iron Forged Swords |
| 167:54 | Steel Forged Swords |
| 168:50 | Flying Machine |
| 170:03 | Mithril Forged Swords |
| 170:32 | Scout Tower |
| 171:32 | Guard Tower |
| 172:41 | Dragonhawk Rider |
| 172:43 | Flying Machine |
| 173:10 | Mechanical Critter |
| 173:13 | Mechanical Critter |
| 177:09 | Cannon Tower |
| Right click | 1581 |
| Select | 991 |
| Build/train/purchase | 276 |
| Select group | 146 |
| Use ability | 122 |
| Assign group | 34 |
| Misc. action | 28 |
| Chat | 19 |
| Item give/drop | 12 |
| Esc | 10 |
| Remove unit | 1 |